 Dungeon Crawl Stone Soup version 0.28-a0-1447-ga5a8893891 (webtiles) character file.

Game seed: 4256349260385540575

156 Shayle the Ducker (level 5, -5/38 HPs)
             Began as a Djinni Air Elementalist on Jan 11, 2022.
             Was an Initiate of Ashenzari.
             Slain by a gnoll (9 damage)
             ... on level 3 of the Dungeon.
             The game lasted 00:08:43 (4691 turns).

Shayle the Ducker (Djinni Air Elementalist)         Turns: 4691, Time: 00:08:45

Health: -5/38      AC:  2    Str:  7    XL:     5   Next: 64%
Gold:   133        EV: 13    Int: 18    God:    Ashenzari [......] SH:  0 Dex: 14

rFire   + + .      SeeInvis .   e - +1 dagger (speed)
rCold   x . .      Faith    .   (no shield)
rNeg    . . .      Spirit   .   a - +0 robe
rPois   ∞          Reflect  .   (no helmet)
rElec   .          Harm     .   (no cloak)
rCorr   .          Rampage  .   (no gloves)
Will    .....                   (boots unavailable)
Stlth   ++........              (no amulet)
HPRegen 0.12/turn               (no ring)
MPRegen 0.00/turn               (no ring)

@: flying, very slightly contaminated
A: sickness immunity, fire resistance 2, cold vulnerability 1, float, innate
caster, hp casting, extra vitality 1
a: Renounce Religion


You were on level 3 of the Dungeon.
You worshipped Ashenzari.
Ashenzari was noncommittal.
You visited 1 branch of the dungeon, and saw 4 of its levels.

You collected 133 gold pieces.

Inventory:

Hand Weapons
 e - a +1 dagger of speed (weapon)
Missiles
 g - 2 javelins
Armour
 a - a +0 robe (worn)
Scrolls
 b - a scroll of holy word {unknown}
 f - a scroll of noise {unknown}
 h - 2 scrolls of identify {unknown}
 j - 2 scrolls of teleportation {unknown}
 l - a scroll of magic mapping {unknown}
 m - a scroll of enchant armour {unknown}
Potions
 c - a potion of lignification {unknown}
 d - 2 potions of might {unknown}
 i - a potion of degeneration {unknown}
 k - 2 potions of magic {unknown}


   Skills:
 + Level 2.2 Fighting
 + Level 3.5 Dodging
 + Level 2.6 Stealth
 + Level 3.1 Spellcasting


You couldn't memorise any spells.
You knew the following spells:

 Your Spells              Type           Power      Damage    Failure   Level
a - Shock                 Conj/Air       56%        1d6       4%          1
b - Static Discharge      Conj/Air       14%        N/A       7%          2
c - Swiftness             Air            14%        N/A       14%         3
d - Airstrike             Air            7%         N/A       41%         4
e - Summon Small Mammal   Summ           56%        N/A       4%          1
f - Poisonous Vapours     Pois/Air       28%        N/A       7%          2
Your spell library was empty.

Dungeon Overview and Level Annotations

Branches:
Dungeon (4/15)
 Temple: D:4-7

Altars:
Ashenzari
Uskayaw


Innate Abilities, Weirdness & Mutations

You are immune to sickness and miasma.
You are immune to poison.
Your flesh is very heat resistant. (rF++)
You are vulnerable to cold. (rC-)
You float through the air rather than walking.
You learn spells naturally, not from books.
Your magical power is your life essence.
You have superior vitality. (+4 MHP)


Message History

Unknown command.
The gnoll shaman hits you with a +0 club.
The gnoll closely misses you.
You fly upwards.
There is a stone staircase leading down here.
Casting: Static Discharge (safe; 7% risk of failure)
Confirm with . or Enter, or press ? or * to list all spells.
You miscast Static Discharge.
You are very lightly contaminated with residual magic.
Nothing appears to happen.
The gnoll shaman calls upon its god to speed up the gnoll.
The gnoll seems to speed up.
The gnoll hits you with a +2 whip of venom.
Casting: Static Discharge (safe; 7% risk of failure)
Confirm with . or Enter, or press ? or * to list all spells.
The gnoll is struck by an arc of lightning.
The gnoll is heavily wounded.
The lightning grounds out.
The gnoll barely misses you.
The gnoll shaman hits you with a +0 club.
The gnoll closely misses you.
Casting: Static Discharge (safe; 7% risk of failure)
Confirm with . or Enter, or press ? or * to list all spells.
The gnoll shaman is struck by an arc of lightning!
The gnoll shaman is almost dead.
The lightning grounds out.
* * * LOW HITPOINT WARNING * * *
The gnoll shaman closely misses you. The gnoll completely misses you.
Casting: Static Discharge (safe; 7% risk of failure)
Confirm with . or Enter, or press ? or * to list all spells.
The gnoll shaman is struck by an arc of lightning.
The gnoll shaman is almost dead.
You are struck by an arc of lightning.
* * * LOW HITPOINT WARNING * * *
The lightning grounds out.
* * * LOW HITPOINT WARNING * * *
The gnoll hits you with a +2 whip of venom.
* * * LOW HITPOINT WARNING * * *
The gnoll shaman hits you but does no damage.
The gnoll hits you with a +2 whip of venom!
You die...

..#.##.........#.#....##.#.#.###.
..#.##.........#.#....##.#.#.....
..#.##...........#....##.#.#####.
..#.##........#..#....##.#...# #.
....##........#..#....##.###.# #.
..####........##[##'####.###.###.
..# ##................#.#.......
..# #.........g......#.#.#.####
### #.........@g.....#.#.#.....
###..............#.#.#####.
#..............#.#.# #.
#..............#.#.#####†
##.....####...............
#.................#.######
#.................#.#
#...................#
#............##.#####


You could see a gnoll shaman and a gnoll (fast).

Vanquished Creatures
  A hound zombie (D:2)
  2 gnolls (D:4)
  3 adders
  A white imp (D:3)
  An adder zombie (D:2)
  4 dart slugs
  2 orcs (D:3)
  5 ball pythons
  A bat (D:3)
  3 bat skeletons (D:2)
  2 bat zombies (D:2)
  9 endoplasms
  2 giant cockroaches
  6 goblins
  A hobgoblin (D:1)
  8 jackals
  4 quokkas
  A frilled lizard (D:2)
  A jackal skeleton (D:2)
  5 kobolds
  5 rats
67 creatures vanquished.

Vanquished Creatures (collateral kills)
  A worm (D:2)
1 creature vanquished.

Grand Total: 68 creatures vanquished

Notes
Turn   | Place    | Note
-------+----------+-------------------------------------------
     0 | D:1      | Shayle the Djinni Air Elementalist began the quest for the
                  | Orb.
     0 | D:1      | Reached XP level 1. HP: 15/15 MP: 0/0
    89 | D:1      | Reached XP level 2. HP: 12/22 MP: 0/0
  1042 | D:1      | Reached skill level 1 in Fighting
  1042 | D:1      | Reached XP level 3. HP: 19/27 MP: 0/0
  1042 | D:1      | Learned a level 1 spell: Summon Small Mammal
  1043 | D:1      | Found a faded altar of an unknown god.
  1167 | D:1      | You are sucked into a shaft and drop 1 floor!
  2086 | D:2      | Reached XP level 4. HP: 32/32 MP: 0/0
  3553 | D:3      | Found a hide-covered altar of Uskayaw.
  3610 | D:3      | Reached XP level 5. HP: 36/38 MP: 0/0
  3610 | D:3      | Learned a level 2 spell: Poisonous Vapours
  3765 | D:3      | Found a broken altar of Ashenzari.
  3981 | D:3      | Became a worshipper of Ashenzari the Shackled
  4691 | D:3      | Slain by a gnoll

Illustrated notes

Levels and vault maps discovered:
D:1:      dpeg_arrival_fog, layout_basic, chequers_ecumenical_altar_simple
D:2:      minmay_general_purpose_star, layout_basic, serial_undead,
          serial_undead_a, serial_undead_e, serial_undead_a, serial_undead_a,
          serial_undead_c, serial_undead_e
D:3:      minmay_spotlight, layout_basic, nicolae_uskayaw_dance_hall,
          ashenzari_conservatory_becter
D:4:      layout_loops_corners, mainiacjoe_overflow_alcove_2,
          mainiacjoe_overflow_concentric_impassable, columned_hall_lemuel,
          uniq_menkaure

Skill      XL: |  1  2  3  4  5 |
---------------+----------------+-----
Fighting       | 1 2 |  2.2
Stealth        | 2 |  2.6
Dodging        | 3 |  3.5
Spellcasting   | 3 |  3.1

Action                   |  1- 3 |  4- 6 || total
-------------------------+-------+-------++-------
Melee: Dagger            |    57 |    46 ||   103
       Punch             |     1 |       ||     1
 Cast: Shock             |    48 |    48 ||    96
       Summon Small Mamm |     4 |     2 ||     6
       Static Discharge  |     2 |    21 ||    23
  Use: Potion            |       |     3 ||     3
 Stab: Sleeping          |     2 |     3 ||     5
Armor: Robe              |    11 |    13 ||    24
Dodge: Dodged            |    45 |    57 ||   102

Table legend: (Time is in decaauts)
 A = Elapsed time spent in this place.
 B = Non-inter-level travel time spent in this place.
 C = Inter-level travel time spent in this place.
 D = Time resting spent in this place.
 E = Time spent auto-exploring this place.
 F = Levels seen in this place.
 G = Mean time per level.
                   A        B        C        D        E       F      G
               +--------+--------+--------+--------+--------+-----+--------+
         Total |   4658 |   4595 |     63 |   1088 |   2873 |   4 | 1164.5 |
       Dungeon |   4658 |   4595 |     63 |   1088 |   2873 |   4 | 1164.5 |
               +--------+--------+--------+--------+--------+-----+--------+

Top non-repeatable levels by time:
     D:2: 1897 daAuts
     D:3: 1393 daAuts
     D:1: 1362 daAuts
     D:4: 5 daAuts
